 Dungeon Crawl Stone Soup version 0.21-a0-95-g06f091e (webtiles) character file.

17925 Spazmo the Thaumaturge (level 12, -5/71 HPs)
             Began as a Deep Elf Conjurer on July 3, 2017.
             Was an Elder of Vehumet.
             Killed from afar by Josephine (14 damage)
             ... with a ghostly fireball
             ... on level 11 of the Dungeon on July 4, 2017.
             The game lasted 00:55:02 (11332 turns).

Spazmo the Thaumaturge (Deep Elf Conjurer)         Turns: 11332, Time: 00:55:03

Health: -5/71      AC:  7    Str:  5    XL:     12   Next: 23%
Magic:  28/46      EV: 18    Int: 26    God:    Vehumet [****..]
Gold:   606        SH:  0    Dex: 15    Spells: 9/37 levels left

rFire    + . .     SeeInvis +   z - staff of power
rCold    + . .     Gourm    .   (no shield)
rNeg     . . .     Faith    .   O - +2 robe {MR+}
rPois    .         Spirit   .   d - +2 hat {SInv}
rElec    .         Reflect  .   I - scarf {rC+ rF+}
rCorr    .         Harm     .   E - +0 pair of gloves
MR       ++...                  (no boots)
Stlth    ++........             (no amulet)
HPRegen  0.21/turn              (no ring)
MPRegen  0.30/turn              (no ring)

@: slowed, drained, very slow
A: blink, wild magic 1
a: Blink, Renounce Religion


You were on level 11 of the Dungeon.
You worshipped Vehumet.
Vehumet was greatly pleased with you.
You were not hungry.

You visited 1 branch of the dungeon, and saw 11 of its levels.

You collected 623 gold pieces.
You spent 17 gold pieces at shops.

Inventory:

Hand Weapons
 i - a +1 short sword
Missiles
 f - 205 stones (quivered)
Armour
 d - a +2 hat of see invisible (worn)
 x - a +2 robe of cold resistance
 E - a +0 pair of gloves (worn)
 I - a scarf of resistance (worn)
 O - a +2 robe of magic resistance (worn)
Magical Staves
 u - an uncursed staff of conjuration
 z - an uncursed staff of power (weapon)
 C - an uncursed staff of earth
Jewellery
 N - an uncursed ring of ice
Wands
 k - a wand of acid (6/15)
 p - a wand of acid (10/15)
 v - a wand of iceblast (11/15)
 A - a wand of paralysis (11/24)
 B - a wand of lightning (1/15)
 H - a wand of disintegration (15/24)
Scrolls
 j - 2 scrolls of remove curse
 l - 4 scrolls of amnesia
 m - 5 scrolls of identify
 s - a scroll of enchant weapon
 w - 2 scrolls of immolation
 y - 4 scrolls of teleportation
 G - a scroll of magic mapping
Potions
 a - 2 potions of mutation
 e - 2 potions of ambrosia
 h - a potion of might
 n - 3 potions of lignification
 o - 3 potions of heal wounds
 q - 4 potions of brilliance
 J - a potion of berserk rage
 L - a potion of magic
Books
 b - a book of Conjurations

   Spells                             Type                      Level
   a - Magic Dart                     Conjuration                  1
   b - Searing Ray                    Conjuration                  2
   c - Dazzling Spray                 Conjuration/Hexes            3
   d - Fulminant Prism                Conjuration/Hexes            4
   e - Force Lance                    Conjuration/Translocation    4
   f - Iskenderun's Mystic Blast      Conjuration                  4
 t - a book of Minor Magic

   Spells                             Type                      Level
   a - Magic Dart                     Conjuration                  1
   b - Blink                          Translocation                2
   c - Call Imp                       Summoning                    2
   d - Slow                           Hexes                        2
   e - Conjure Flame                  Conjuration/Fire             3
   f - Mephitic Cloud                 Conjuration/Poison/Air       3
 F - a book of Misfortune

   Spells                             Type                      Level
   a - Confusing Touch                Hexes                        1
   b - Confuse                        Hexes                        3
   c - Gell's Gravitas                Translocation                3
   d - Petrify                        Transmutation/Earth          4
   e - Metabolic Englaciation         Hexes/Ice                    5
   f - Yara's Violent Unravelling     Hexes/Transmutation          5
 K - Sif Muna's Grimoire of Heat and Envenoming
   (You found it on level 11 of the Dungeon)

   Spells                             Type                      Level
   a - Sting                          Conjuration/Poison           1
   b - Flame Tongue                   Conjuration/Fire             1
   c - Throw Flame                    Conjuration/Fire             2
   d - Conjure Flame                  Conjuration/Fire             3
   e - Fireball                       Conjuration/Fire             5
   f - Ring of Flames                 Charms/Fire                  7
Comestibles
 c - 7 bread rations
 g - 5 royal jellies
 r - 8 fruits
 M - 6 chunks of flesh


   Skills:
 + Level 6.8(6.3) Fighting
 - Level 9.0(8.4) Dodging
 - Level 2.4(1.9) Stealth
 + Level 13.3(12.7) Spellcasting
 + Level 13.0(12.4) Conjurations
 * Level 7.0(6.4) Fire Magic
 + Level 3.4(2.9) Earth Magic


You had 9 spell levels left.
You knew the following spells:

 Your Spells              Type           Power        Failure   Level  Hunger
a - Magic Dart            Conj           ####         1%          1    None
b - Searing Ray           Conj           ######       1%          2    None
c - Force Lance           Conj/Tloc      ######..     1%          4    None
d - Iskenderun's Mystic   Conj           #######.     1%          4    None
e - Conjure Flame         Conj/Fire      ######..     1%          3    None
f - Sticky Flame          Conj/Fire      ######..     1%          4    None
g - Lee's Rapid Deconstr  Erth           #####.....   11%         5    ###....
h - Fireball              Conj/Fire      ######....   1%          5    ###....


Dungeon Overview and Level Annotations

Branches:
Dungeon (11/15)            Temple (0/1) D:4            Lair (0/6) D:11
    Orc: D:9-12

Altars:
Cheibriados
Elyvilon
Gozag
Makhleb
Nemelex Xobeh
Okawaru
Sif Muna
Vehumet
Wu Jian
Xom
Zin

Shops:
D:4 *   D:7 ?   D:11 !:

Annotations:
D:11 Josephine


Innate Abilities, Weirdness & Mutations

You can translocate small distances at will.
Your spells are a little harder to cast, but a little more powerful.


Message History

You destroy the wraith!
Vehumet accepts your kill.
You feel your power returning.
Josephine burns! x2; Josephine misses you.
The wraith completely misses you.
Casting: Iskenderun's Mystic Blast
Confirm with . or Enter, or press ? or * to list all spells.
Aiming: Iskenderun's Mystic Blast
Press: ? - help, Shift-Dir - straight line, f/p - Josephine
Aim: Josephine, wielding a dagger and wearing a glowing robe (severely wounded, covered in liquid flames)
The orb of energy misses Josephine.
Josephine burns!
Josephine closely misses you. The wraith closely misses you.
Josephine screams, "Die!"
Josephine is infused with unholy energy.
* * * LOW HITPOINT WARNING * * *
Josephine draws life force from you and is healed!
You blink.
You feel slightly more hungry.
Josephine burns! x2
Josephine screams, "Die!"
Josephine gestures at you while chanting.
The ghostly flame explodes!
The ghostly fireball engulfs you!
You feel drained.
You die...

.##(..........≈≈≈≈≈.........,,,,,
.##........(...≈≈≈..........,,,,,
.##......)........§W........,,,,,
.#................W@W.......,,,,,
.#..........................,,,,,
.#..........................,,,,,
.###........................,,,,,
.# #........................,,,,,
.###............@...........,,,,,
.#........................>.,,,,,
.#............)...........:.,,,,,
.#..........................*****
.#.............##########..,*
.#.......>.....# *,,,*
.#.............##########,,,*****
.#.......................,,,,,,,,
.#.......................,,,,,,,,


You could see Josephine (burning) and 3 wraiths.

Vanquished Creatures
  Gastronok (D:8)
  Fannar (D:11)
  3 two-headed ogres
  Erica (D:11)
  The ghost of jblayyy the Grappler, a novice TrTm of Cheibriados (D:9)
  An unseen horror (D:10)
  An obsidian statue (D:11)
  Pikel (D:8)
  3 cyclopes (D:11)
  A gargoyle (D:10)
  2 rime drakes (D:11)
  2 trolls
  Prince Ribbit (D:8)
  A hornet (D:10)
  3 hippogriffs
  A shadow (D:11)
  Sigmund (D:3)
  2 wraiths (D:11)
  4 yaks (D:10)
  A steam dragon (D:8)
  2 hungry ghosts
  A water moccasin (D:7)
  An orc warrior (D:8)
  5 ice beasts
  A necrophage (D:11)
  6 sky beasts
  A slave (D:8)
  4 phantoms
  A hornet zombie (D:6)
  A black bear (D:8)
  12 ogres
  3 centaurs
  10 bullfrogs
  A gnoll sergeant (D:7)
  3 scorpions
  A water moccasin skeleton (D:9)
  3 wights (D:11)
  6 killer bees
  4 howler monkeys
  5 jellies
  6 crimson imps
  A bullfrog zombie (D:8)
  A centaur zombie (D:5)
  8 hounds
  A quasit (D:11)
  7 orc priests
  2 bullfrog skeletons
  A centaur skeleton (D:10)
  A gnoll shaman (D:5)
  Jessica (D:3)
  5 worker ants
  Ijyb (D:4)
  12 orc wizards
  5 iguanas
  Terence (D:3)
  A hound skeleton (D:6)
  A howler monkey zombie (D:9)
  Robin (D:3)
  7 gnolls
  7 adders
  2 oozes
  An adder skeleton (D:3)
  5 leopard geckos
  25 orcs
  3 giant cockroaches
  7 goblins
  8 hobgoblins
  11 jackals
  10 kobolds
  3 quokkas
  A ball python (D:6)
  5 bats
  4 frilled lizards
  A quokka zombie (D:7)
  4 rats
263 creatures vanquished.

Vanquished Creatures (others)
  An ogre (D:4)
  A howler monkey (D:4)
  An orc wizard (D:4)
  A hound (D:4)
  2 worker ants
  2 adders (D:4)
  A worm (D:4)
  A giant cockroach (D:4)
  A quokka (D:4)
11 creatures vanquished.

Grand Total: 274 creatures vanquished

Notes
Turn   | Place    | Note
-------+----------+-------------------------------------------
     0 | D:1      | Spazmo the Deep Elf Conjurer began the quest for the Orb.
     0 | D:1      | Reached XP level 1. HP: 10/10 MP: 6/6
   598 | D:1      | Reached XP level 2. HP: 16/16 MP: 6/8
   602 | D:1      | Learned a level 2 spell: Searing Ray
   835 | D:2      | Found an ornate altar of the Wu Jian Council.
   844 | D:2      | Reached XP level 3. HP: 20/20 MP: 5/9
  1102 | D:2      | Found an opulent altar of Gozag.
  1137 | D:2      | Found a deep blue altar of Sif Muna.
  1259 | D:3      | Noticed Sigmund
  1300 | D:3      | Killed Sigmund
  1300 | D:3      | Reached skill level 1 in Fighting
  1300 | D:3      | Reached skill level 5 in Conjurations
  1300 | D:3      | Reached XP level 4. HP: 25/25 MP: 2/12
  1300 | D:3      | Reached XP level 5. HP: 29/29 MP: 2/14
  1421 | D:3      | Learned a level 4 spell: Force Lance
  1426 | D:3      | Learned a level 4 spell: Iskenderun's Mystic Blast
  1433 | D:3      | Noticed Terence
  1436 | D:3      | Killed Terence
  1436 | D:3      | Reached skill level 5 in Spellcasting
  1511 | D:3      | Noticed Jessica
  1514 | D:3      | Killed Jessica
  1579 | D:3      | Noticed Robin
  1584 | D:3      | Killed Robin
  1584 | D:3      | Reached XP level 6. HP: 34/34 MP: 9/15
  2232 | D:3      | Gained mutation: Your spells are a little harder to cast, but a little more powerful. [potion of mutation]
  2232 | D:3      | Gained mutation: You can translocate small distances at will. [potion of mutation]
  2307 | D:4      | Found a shimmering altar of Xom.
  2312 | D:4      | Noticed an ice beast
  2325 | D:4      | Killed an ice beast
  2478 | D:4      | Noticed Ijyb
  2486 | D:4      | Killed Ijyb
  2726 | D:4      | Reached XP level 7. HP: 40/40 MP: 10/18
  2951 | D:4      | Found a radiant altar of Vehumet.
  2957 | D:4      | Became a worshipper of Vehumet
  3187 | D:4      | Found a staircase to the Ecumenical Temple.
  3273 | D:4      | Reached skill level 5 in Dodging
  3574 | D:4      | Found Xuiw Camnopt's General Store.
  3680 | D:5      | Entered Level 5 of the Dungeon
  3777 | D:5      | Found a sparkling altar of Nemelex Xobeh.
  3788 | D:5      | Reached XP level 8. HP: 20/45 MP: 4/21
  4065 | D:5      | Reached * piety under Vehumet
  4065 | D:5      | Offered knowledge of Freeze by Vehumet.
  4597 | D:5      | Found a glowing silver altar of Zin.
  5521 | D:6      | Offered knowledge of Sandblast by Vehumet.
  5525 | D:6      | Reached XP level 9. HP: 31/52 MP: 14/24
  5606 | D:6      | Reached ** piety under Vehumet
  6041 | D:7      | Reached skill level 10 in Spellcasting
  6231 | D:7      | Upgraded the game from 0.21-a0-94-gdd6ab6a to 0.21-a0-95-g06f091e
  6267 | D:7      | Found Roedocog's Magic Scroll Shop.
  6407 | D:7      | Reached skill level 10 in Conjurations
  6498 | D:7      | Found a snail-covered altar of Cheibriados.
  6707 | D:7      | Found a burning altar of Makhleb.
  6707 | D:7      | Found an iron altar of Okawaru.
  6707 | D:7      | Found a white marble altar of Elyvilon.
  6821 | D:8      | Offered knowledge of Ignite Poison by Vehumet.
  6826 | D:8      | Found a flagged portal.
  6900 | D:8      | Noticed Gastronok
  6931 | D:8      | HP: 2/52 [Gastronok/the air (20)]
  6939 | D:8      | Killed Gastronok
  6939 | D:8      | Reached skill level 5 in Fighting
  6939 | D:8      | Reached XP level 10. HP: 13/59 MP: 11/27
  7037 | D:8      | Noticed Prince Ribbit
  7045 | D:8      | Killed Prince Ribbit
  7400 | D:8      | Noticed a two-headed ogre
  7408 | D:8      | Killed a two-headed ogre
  7507 | D:8      | Reached *** piety under Vehumet
  7763 | D:8      | Noticed Pikel
  7770 | D:8      | Killed Pikel
  8154 | D:9      | Noticed jblayyy's ghost (novice TrTm)
  8177 | D:9      | Reached XP level 11. HP: 58/64 MP: 23/29
  8203 | D:9      | Noticed a two-headed ogre
  8211 | D:9      | Killed a two-headed ogre
  8556 | D:9      | Learned a level 3 spell: Conjure Flame
  8621 | D:9      | Killed jblayyy's ghost
  8790 | D:9      | Offered knowledge of Sticky Flame by Vehumet.
  8796 | D:9      | Learned a level 4 spell: Sticky Flame
  8846 | D:10     | Entered Level 10 of the Dungeon
  8857 | D:9      | Reached skill level 1 in Fire Magic
  9908 | D:10     | Noticed an unseen horror
  9915 | D:10     | Killed an unseen horror
 10022 | D:10     | Reached **** piety under Vehumet
 10146 | D:10     | Offered knowledge of Lee's Rapid Deconstruction by Vehumet.
 10156 | D:10     | Learned a level 5 spell: Lee's Rapid Deconstruction
 10218 | D:11     | Found Eggin's Distillery.
 10236 | D:11     | Bought a potion of degeneration for 17 gold pieces
 10312 | D:11     | Found Ror Zuo's Book Emporium.
 10319 | D:11     | Noticed Erica
 10324 | D:11     | Reached skill level 5 in Fire Magic
 10331 | D:11     | Noticed Josephine
 10532 | D:11     | Reached skill level 1 in Earth Magic
 10687 | D:11     | Noticed an obsidian statue
 10689 | D:11     | Noticed a soul eater
 10692 | D:11     | Killed an obsidian statue
 10717 | D:11     | Identified Sif Muna's Grimoire of Heat and Envenoming
 10725 | D:11     | Learned a level 5 spell: Fireball
 10884 | D:11     | Noticed Fannar
 10891 | D:11     | Killed Fannar
 10891 | D:11     | Reached XP level 12. HP: 43/71 MP: 31/31
 11074 | D:11     | Killed Erica
 11129 | D:11     | Noticed a two-headed ogre
 11136 | D:11     | Killed a two-headed ogre
 11332 | D:11     | Killed from afar by Josephine

Vault maps used:
D:1:      sevenhm_arrival_forest_fort_large_2
D:2:      lemuel_crystal_altar, lemuel_blue_sif_altar, lemuel_doored_altar
D:3:      uniq_robin, uniq_jessica, uniq_terence, uniq_sigmund
D:4:      xom_confusion_cloud, minmay_temple_entry_from_below_a, serial_shops,
          nicolae_shop_competitors_out_of_business, vehumet_altar_wand_db,
          uniq_ijyb
D:5:      kennysheep_mini, nemelex_xobeh_ov_fountains_minmay, first_bread,
          kennysheep_generic_room_16
D:6:      grunt_tough_drop
D:7:      cheibriados_altar_1, gammafunk_temple_overflow_forgotten,
          serial_shops, shop, serial_glass, glass_columns_b, glass_columns_a,
          glass_columns_a, glass_columns_a, glass_columns_b, glass_columns_b,
          glass_columns_b, glass_columns_b, glass_columns_a, glass_columns_a,
          glass_columns_a, glass_columns_a, glass_columns_c, glass_columns_c
D:8:      enter_bailey_2, uniq_prince_ribbit1, uniq_gastronok, uniq_pikel
D:11:     minmay_statue_hallways, lair_entry_dummy, serial_shops,
          nicolae_shop_crystal, nicolae_shop_waterfront, shop,
          nicolae_shop_crystal, portal_ice_cave_rime, basic_altar,
          uniq_josephine, uniq_erica, uniq_fannar, uniq_harold

Skill      XL: |  1  2  3  4  5  6  7  8  9 10 11 12 |
---------------+-------------------------------------+-----
Dodging        | 3 4 5 6 8 9 |  9.0
Fighting       | 1 2 3 5 6 |  6.8
Spellcasting   | 4 5 6 7 9 11 12 13 | 13.3
Conjurations   | 5 6 7 8 10 11 12 13 | 13.0
Fire Magic     | 6 7 |  7.0
Earth Magic    | 2 3 |  3.4
Stealth        | |  2.4

Action                   |  1- 3 |  4- 6 |  7- 9 | 10-12 || total
-------------------------+-------+-------+-------+-------++-------
Melee: Short sword       |       |     8 |       |       ||     8
       Staff             |       |       |     2 |       ||     2
 Cast: Magic Dart        |    48 |    39 |   141 |   125 ||   353
       Searing Ray       |     2 |    13 |    71 |    79 ||   165
       Force Lance       |       |     1 |     1 |    16 ||    18
       Iskenderun's Myst |       |       |       |    24 ||    24
       Sticky Flame      |       |       |       |    13 ||    13
       Lee's Rapid Decon |       |       |       |     4 ||     4
       Conjure Flame     |       |       |       |     5 ||     5
 Abil: Blink             |       |       |       |     3 ||     3
  Use: Scroll            |     7 |       |     5 |     5 ||    17
       Potion            |     2 |     3 |     3 |     1 ||     9
  Eat: Chunk             |     1 |     3 |    13 |    12 ||    29
       Fruit             |       |     1 |     1 |     2 ||     4
Armor: Robe              |     7 |     2 |    11 |    22 ||    42
Dodge: Dodged            |     6 |    17 |    54 |    84 ||   161
